 Dungeon Crawl Stone Soup version 0.23-a0-419-g0174fd8 (webtiles) character file.

8 JeffiDaFish the Grave Robber (level 2, -1/22 HPs)
             Began as a Deep Dwarf Necromancer on Nov 12, 2018.
             Slain by an adder (2 damage)
             ... on level 2 of the Dungeon.
             The game lasted 00:00:36 (153 turns).

JeffiDaFish the Grave Robber (DDNe)                  Turns: 153, Time: 00:00:37

Health: -1/22      AC:  2    Str: 11    XL:     2   Next: 0%
Magic:  4/4        EV: 12    Int: 15    God:
Gold:   0          SH:  0    Dex: 13    Spells: 3/4 levels left

rFire    . . .     SeeInvis .   b - +0 spear
rCold    . . .     Gourm    .   (no shield)
rNeg     . . .     Faith    .   a - +0 robe
rPois    .         Spirit   .   (no helmet)
rElec    .         Reflect  .   (no cloak)
rCorr    .         Harm     .   (no gloves)
MR       .....                  (no boots)
Stlth    ++........             (no amulet)
HPRegen  0.00/turn              (no ring)
MPRegen  0.09/turn              (no ring)

@: lethally poisoned (-1 -> -1), non-regenerating
A: damage resistance, heal wounds, sense surroundings 1, no regeneration
a: Heal Wounds


You were on level 2 of the Dungeon.
You were not hungry.

You visited 1 branch of the dungeon, and saw 2 of its levels.

Inventory:

Hand Weapons
 b - a +0 spear (weapon)
Armour
 a - a +0 robe (worn)
Scrolls
 d - a scroll of teleportation {unknown}
Potions
 e - a potion of resistance {unknown}
Comestibles
 c - 2 rations


   Skills:
 + Level 0.1 Fighting
 + Level 2.3 Dodging
 + Level 2.7 Stealth
 + Level 1.8 Spellcasting
 + Level 4.6 Necromancy


You had 3 spell levels left.
You knew the following spells:

 Your Spells              Type           Power        Failure   Level  Hunger
a - Pain                  Necr           ###.         3%          1    ##.....

Your spell library contained the following spells:

 Spells                   Type           Power        Failure   Level  Hunger
 Animate Skeleton         Necr           N/A          3%          1    ##.....
 Vampiric Draining        Necr           ###.......   10%         3    ####...
 Animate Dead             Necr           N/A          32%         4    #####..
 Regeneration             Chrm/Necr      Unusable     N/A         3    N/A

Dungeon Overview and Level Annotations

Branches:
Dungeon (1/15)

Altars:


Innate Abilities, Weirdness & Mutations

You are resistant to damage.
You can heal yourself by infusing magical energy.
You passively map a small area around you.
You do not regenerate.


Message History

* * * LOW HITPOINT WARNING * * *
The hobgoblin hits you.
You hit the adder.
The adder is moderately wounded.
The adder bites you.
* * * LOW HITPOINT WARNING * * *
You are poisoned.
The adder poisons you! The hobgoblin hits you.
* * * LOW HITPOINT WARNING * * *
You barely miss the adder.
The adder is moderately wounded.
The adder completely misses you. The hobgoblin hits you.
The adder closely misses you.
You hit the adder but do no damage.
The adder is moderately wounded.
The adder barely misses you. The hobgoblin closely misses you.
You hit the adder but do no damage.
The adder is moderately wounded.
The adder misses you. The hobgoblin barely misses you. The adder bites you.
You die...

,##.#, * #.# .. ,
...,* #.# ###.## #.#
#.# #....,* ####.####
#.# #.#.# #.......#
#.###.#.# ** #..#.##.#
##.......# #..#.##.#
#.......##,
#..#.##.###......g##.#
.........##.....@S...#
.....#............##.#
.....#.#.##.>.....# ,.
* ##.†...#.##.......#
* #..#..#.##.......#
#.......########## ,
#.......# * *,
#..#....# *, #...).#.#
**


You could see an adder and a hobgoblin.

Vanquished Creatures
  A dart slug (D:2)
  A giant cockroach (D:2)
  A hobgoblin (D:2)
  A bat (D:2)
  2 frilled lizards (D:2)
  A rat (D:1)
7 creatures vanquished.

Notes
Turn   | Place    | Note
-------+----------+-------------------------------------------
     0 | D:1      | JeffiDaFish the Deep Dwarf Necromancer began the quest for
                  | the Orb.
     0 | D:1      | Reached XP level 1. HP: 15/15 MP: 3/3
    18 | D:1      | You fall through a shaft!
   120 | D:2      | Reached XP level 2. HP: 17/22 MP: 4/4
   150 | D:2      | HP: 1/22 [hobgoblin (1)]
   153 | D:2      | Slain by an adder

Vault maps used:
D:1:      elethiomel_arrival_quiet

Action                   || total
-------------------------++-------
Melee: Spear             ||    31
 Cast: Pain              ||     2
  Use: Potion            ||     1
 Stab: Sleeping          ||     1
Armor: Robe              ||     6
Dodge: Dodged            ||    23

Table legend:
 A = Non-vault XP
 B = Vault XP
 C = Vault XP percentage of total XP
 D = Non-vault monster count
 E = Vault monster count
 F = Vault count percentage of total count
                 A         B        C        D         E       F
            +---------+---------+-------+---------+---------+-------
      Total |      12 |       0 |   0.0 |       7 |       0 |   0.0
            +---------+---------+-------+---------+---------+-------
        D:1 |       1 |       0 |   0.0 |       1 |       0 |   0.0
        D:2 |      11 |       0 |   0.0 |       6 |       0 |   0.0
            +---------+---------+-------+---------+---------+-------
